 Dungeon Sprint DCSS version 0.28.0-43-g3370ac3207 (webtiles) character file.

Game seed: 13626349073989373547

242 boopmooplesden the Fighter (level 5, -4/58 HPs)
             Began as a Minotaur Berserker on Mar 13, 2022.
             Was a Priest of Trog.
             Slain by a human (14 damage)
             ... in the Dungeon (Sprint III: "The Ten Rune Challenge").
             The game lasted 00:01:16 (569 turns).

boopmooplesden the Fighter (Minotaur Berserker)      Turns: 569, Time: 00:01:16

Health: -4/58      AC:  3    Str: 23    XL:     5   Next: 81%
Magic:  4/4        EV: 13    Int:  4    God:    Trog [***...]
Gold:   39         SH:  0    Dex: 12    Spells: 4/4 levels left

rFire   . . .      SeeInvis +   j - +2 quarterstaff (chaos)
rCold   . . .      Faith    .   (shield currently unavailable)
rNeg    . . .      Spirit   .   b - +0 animal skin
rPois   .          Reflect  .   (helmet restricted)
rElec   .          Harm     .   k - +0 cloak
rCorr   .          Rampage  .   (no gloves)
Will    .....      NoTele   +   (no boots)
Stlth   ++........              (no amulet)
HPRegen 0.19/turn               (no ring)
MPRegen 0.09/turn               (no ring)

@: hasted, very quick
A: horns 2, retaliatory headbutt, see invisible, mutation resistance 1, strong 1
a: Renounce Religion, Berserk, Trog's Hand


You were in the Dungeon.
You worshipped Trog.
Trog was most pleased with you.
You visited 1 branch You collected 39 gold pieces.

Inventory:

Hand Weapons
 a - a +0 hand axe
 j - a +2 quarterstaff of chaos (weapon)
Armour
 b - a +0 animal skin (worn)
 k - a +0 cloak (worn)
Scrolls
 h - a scroll of blinking
 l - a scroll of holy word {unknown}
 m - 4 scrolls of identify
 o - a scroll of immolation {unknown}
Potions
 c - a potion of curing
 d - a potion of heal wounds
 f - 2 potions of magic
 g - a potion of berserk rage
 i - a potion of lignification {unknown}
 n - 4 potions of flight
 p - a potion of resistance {unknown}
 q - 3 potions of mutation


   Skills:
 * Level 9.8 Fighting
 + Level 9.1 Axes
 + Level 2.4 Staves
 + Level 4.8 Armour
 + Level 4.6 Dodging
 + Level 2.1 Stealth


You had 4 spell levels left.
You didn't know any spells.
Your spell library was empty.

Dungeon Overview and Level Annotations

Branches:
Dungeon (1/1)

Altars:
Dithmenos
Okawaru
Ru
Trog
Uskayaw
Wu Jian
Yredelemnul
Beogh


Innate Abilities, Weirdness & Mutations

You have a pair of horns on your head.
You reflexively headbutt those who attack you in melee.
You have supernaturally acute eyesight. (SInv)
You are somewhat resistant to further mutation.
Your muscles are strong. (Str +2)


Message History

There is an open door, spattered with blood here.
Things that are here:
a +0 dagger; a +0 robe You start resting.
HP restored.
You start waiting.
You feel yourself speed up.
You open the door.
Found a hide-covered altar of Uskayaw and an iron altar of Okawaru. 2 humans come into view.
Found a club and a robe.
Found three altars.
There is an open door here.
You barely miss the human.
The human shouts!
The human drinks a potion.
The human seems to grow stronger.
The human drinks a potion.
The human goes berserk!
You barely miss the human. The human hits you! The human hits you.
You closely miss the human. You headbutt the human!
The human is moderately wounded.
The human hits you! The human barely misses you.
You closely miss the human.
The human is moderately wounded.
The human completely misses you. The human hits you.
You closely miss the human. Your headbutt misses the human.
The human is moderately wounded.
The human hits you. The human barely misses you. The human hits you.
You're still recovering from your berserk rage.
You barely miss the human.
The human is moderately wounded.
The human misses you. The human hits you. The human hits you!
* * * LOW HITPOINT WARNING * * *
You feel yourself speed up.
You recover from your berserk rage.
The human hits you.
* * * LOW HITPOINT WARNING * * *
The human barely misses you.
You completely miss the human.
The human is moderately wounded.
The human hits you!
You die...

▓▓▓▓▓ ▓▓▓ ....♣♣♣ ♣.#
######## ....♣.♣ ♣♣.#
#___#__# .....♣♣ ♣..#
#pp)#._#
....≈.♣♣♣..###+#@###)##
...≈≈...♣..#..........#
..≈≈≈≈♣....'.⌠........#
..≈≈≈≈≈≈.♣.#...######+#
.≈≈≈≈≈≈....#.⌠.#
.≈≈≈≈≈.....#...#
.≈≈≈.......#+###
...........#
.....÷.....#


You could see 2 humans.

Vanquished Creatures
  A necrophage (D)
  A water elemental (D)
  Crazy Yiuf (D)
  Jessica (D)
  A necromancer (D)
  A human (D)
  2 endoplasms (D)
  A rat (D)
9 creatures vanquished.

Vanquished Creatures (others)
  A plant (D)
1 creature vanquished.

Grand Total: 10 creatures vanquished

Notes
Turn   | Place    | Note
-------+----------+-------------------------------------------
     0 | D        | boopmooplesden the Minotaur Berserker began the quest for
                  | the Orb.
     0 | D        | Reached XP level 1. HP: 19/19 MP: 0/0
    11 | D        | Noticed Jessica
    14 | D        | Reached ** piety under Trog
    15 | D        | Killed Jessica
    16 | D        | Reached skill level 5 in Fighting
    16 | D        | Reached XP level 2. HP: 29/29 MP: 1/1
    16 | D        | Reached XP level 3. HP: 36/36 MP: 2/2
    70 | D        | Noticed Crazy Yiuf
    85 | D        | Killed Crazy Yiuf
    86 | D        | Reached XP level 4. HP: 3/45 MP: 3/3
   386 | D        | Gained mutation: You have supernaturally acute eyesight.
                  | (SInv) [potion of mutation]
   386 | D        | Gained mutation: Your muscles are strong. (Str +2) [potion
                  | of mutation]
   386 | D        | Gained mutation: You are somewhat resistant to further
                  | mutation. [potion of mutation]
   407 | D        | Noticed a water elemental
   410 | D        | Killed a water elemental
   410 | D        | Reached *** piety under Trog
   411 | D        | Reached skill level 1 in Stealth
   411 | D        | Reached XP level 5. HP: 53/53 MP: 4/4
   532 | D        | Found a basalt altar of Yredelemnul.
   532 | D        | Found a shadowy altar of Dithmenos.
   532 | D        | Found a sacrificial altar of Ru.
   532 | D        | Noticed a necrophage
   536 | D        | Killed a necrophage
   560 | D        | Found a hide-covered altar of Uskayaw.
   560 | D        | Found an iron altar of Okawaru.
   561 | D        | Found a bloodstained altar of Trog.
   561 | D        | Found an ornate altar of the Wu Jian Council.
   561 | D        | Noticed a human
   561 | D        | Noticed a human
   569 | D        | Slain by a human

Illustrated notes

Levels and vault maps discovered:
D:        dungeon_sprint_mu [sprint_mu_entry_forest, sprint_mu_temple_rooms,
          sprint_mu_d1_horrors, sprint_mu_d2_genie, sprint_mu_d3_branching,
          sprint_mu_orc_legion, sprint_mu_elf_gauntlet, sprint_mu_hive_nellie,
          sprint_mu_lair_fedhas, sprint_mu_vaults_butterflies,
          sprint_mu_slime_circle, sprint_mu_swamp_cave, sprint_mu_snake_twists,
          sprint_mu_blade_basic, sprint_mu_crypt_fortress,
          sprint_mu_tomb_spiral, sprint_mu_vestibule_basic,
          sprint_mu_gehenna_hellfire, sprint_mu_dis_giant,
          sprint_mu_tartarus_statrot, sprint_mu_cocytus_islands, sprint_mu_zot1]

Skill      XL: |  1  2  3  4  5 |
---------------+----------------+-----
Axes           | 6 7 8 9 |  9.1
Fighting       | 5 6 8 9 |  9.8
Armour         | 3 4 |  4.8
Dodging        | 3 4 |  4.6
Stealth        | 1 2 |  2.1
Staves         | 2 |  2.4

Action                   |  1- 3 |  4- 6 || total
-------------------------+-------+-------++-------
Melee: Hand axe          |    23 |       ||    23
       Headbutt          |     1 |     3 ||     4
       Punch             |     1 |       ||     1
       Quarterstaff      |       |    14 ||    14
Invok: Berserk           |     2 |     2 ||     4
  Use: Potion            |       |     2 ||     2
 Stab: Invisible         |     2 |       ||     2
Armor: Animal skin       |     1 |       ||     1
Dodge: Dodged            |    17 |     6 ||    23
